 Dungeon Crawl Stone Soup version 0.29.1-1-gd02db69 (webtiles) character file.

Game seed: 17860357051734494123

2044 Timinator the Insei (level 8, -1/66 HPs)
             Began as a Demigod Transmuter on Jan 16, 2023.
             Slain by a troll (5 damage)
             ... on level 7 of the Dungeon.
             The game lasted 00:35:10 (6489 turns).

Timinator the Insei (Demigod Transmuter)            Turns: 6489, Time: 00:35:11

Health: -1/66      AC: 10    Str: 15    XL:     8   Next: 75%
Magic:  15/15      EV: 13    Int: 15    God:
Gold:   87         SH:  0    Dex: 18    Spells: 6/13 levels left

rFire   . . .      SeeInvis .     - Unarmed
rCold   + . .      Faith    .   (no shield)
rNeg    . . .      Spirit   .   B - +0 ring mail {rC+}
rPois   .          Reflect  .   (helmet currently unavailable)
rElec   .          Harm     .   e - +0 cloak
rCorr   .          Rampage  .   (no gloves)
Will    .....                   (boots currently unavailable)
Stlth   +.........              q - amulet of regeneration
HPRegen 1.01/turn               c - ring of wizardry
MPRegen 0.14/turn               h - +4 ring of protection

@: mighty, appendages (expiring), invisible
A: horns 2, talons 2, high MP 1, forlorn, divine attributes
a: End Transformation


You were on level 7 of the Dungeon.
You had temporarily grown beastly horns and talons.
You visited 1 branch of the dungeon, and saw 7 of its levels.

You collected 395 gold pieces.
You spent 308 gold pieces at shops.

Inventory:

Missiles
 d - a throwing net
 m - 3 javelins (quivered)
 y - 6 poisoned darts
 C - 2 silver javelins
Armour
 e - a +0 cloak (worn)
 t - a +0 pair of boots (melded)
 B - a +0 ring mail of cold resistance (worn)
 G - a +1 leather armour of cold resistance
Jewellery
 c - a ring of wizardry (left hand)
 h - a +4 ring of protection (right hand)
 q - an amulet of regeneration (around neck)
Wands
 a - a wand of polymorph (2)
 u - a wand of iceblast (9)
 x - a wand of flame (42)
Scrolls
 b - a scroll of fear {unknown}
 i - 3 scrolls of silence {unknown}
 n - a scroll of noise {unknown}
 o - a scroll of summoning {unknown}
 r - a scroll of brand weapon {unknown}
 s - 5 scrolls of teleportation
 v - a scroll of blinking {unknown}
 A - a scroll of amnesia {unknown}
 H - 2 scrolls of magic mapping {unknown}
Potions
 f - a potion of mutation
 g - a potion of flight {unknown}
 j - 2 potions of might
 k - 3 potions of heal wounds
 l - 4 potions of haste
 p - a potion of invisibility
 w - a potion of resistance {unknown}
 z - a potion of cancellation {unknown}
 E - a potion of curing
 F - a potion of attraction {unknown}


   Skills:
 + Level 4.2 Fighting
 + Level 2.0 Throwing
 - Level 3.0 Armour
 + Level 4.5 Dodging
 * Level 6.8 Unarmed Combat
 - Level 3.0 Spellcasting
 + Level 4.5 Transmutations


You had 6 spell levels left.
You knew the following spells:

 Your Spells              Type           Power      Damage    Failure   Level
a - Beastly Appendage     Tmut           30%        N/A       2%          1
b - Wereblood             Tmut           15%        N/A       3%          2
c - Ice Form              Ice/Tmut       9%         N/A       50%         4

Your spell library contained the following spells:

 Spells                   Type           Power      Damage    Failure   Level
 Apportation              Tloc           4%         N/A       16%         1
 Necrotise                Necr           8%         1d4       16%         1
 Summon Small Mammal      Summ           8%         N/A       16%         1
 Spider Form              Tmut/Pois      9%         N/A       17%         3
 Blink                    Tloc           4%         N/A       22%         2
 Ignite Poison            Fire/Tmut/Pois 6%         N/A       24%         3
 Call Canine Familiar     Summ           2%         N/A       41%         3
 Confusing Touch          Hex            2%         N/A       41%         3
 Lesser Beckoning         Tloc           2%         N/A       41%         3
 Mephitic Cloud           Conj/Pois/Air  2%         N/A       41%         3
 Portal Projectile        Hex/Tloc       4%         N/A       41%         3
 Summon Guardian Golem    Hex/Summ       2%         N/A       41%         3
 Leda's Liquefaction      Hex/Erth       1%         N/A       80%         4
 Yara's Violent Unravell  Hex/Tmut       4%         3d4       82%         5
 Freezing Cloud           Conj/Ice/Air   1%         6-21      98%         5
 Manifold Assault         Tloc           2%         N/A       98%         5
 Enfeeble                 Hex            1%         N/A       100%        7
 Orb of Destruction       Conj           1%         9d5       100%        7
 Spellforged Servitor     Conj/Summ      1%         N/A       100%        7


Dungeon Overview and Level Annotations

Branches:
Dungeon (7/15)             Temple (0/1) D:4

Shops:
D:6 *


Innate Abilities, Weirdness & Mutations

You have temporarily grown beastly horns and talons.
You have an increased reservoir of magic. (+10% MP)
You shall have no god before yourself.
Your divine heritage dramatically boosts your attributes as you level up.


Message History

Throw: 8 darts (poison)
Press: ? - help, Shift-Dir - straight line, f/p - troll
Aim: a troll (poisoned, 64% to hit)
You throw a poisoned dart. The poisoned dart hits the troll.
The troll looks even sicker.
Throw: 7 darts (poison)
Press: ? - help, Shift-Dir - straight line, f/p - troll
Aim: a troll (lightly wounded, very poisoned, 64% to hit)
You throw a poisoned dart.
The poisoned dart closely misses the troll.
Cast which spell? (? or * to list)
You grow a pair of large bovine horns.
Your feet morph into talons.
Your +0 pair of boots melds into your body.
You barely miss the troll.
The troll is lightly wounded.
The troll bites you! The troll claws you but does no damage.
The troll claws you.
You closely miss the troll. You claw the troll.
The troll is lightly wounded.
The troll bites you! The troll barely misses you. The troll claws you!
You feel very mighty all of a sudden. The troll bites you but does no damage.
The troll claws you. The troll claws you!
You completely miss the troll. Your kick misses the troll.
You headbutt the troll.
The troll is moderately wounded.
The troll bites you!
* * * LOW HITPOINT WARNING * * *
The troll claws you!
* * * LOW HITPOINT WARNING * * *
The troll claws you but does no damage.
You fade into invisibility!
The troll closely misses you. The troll completely misses you.
The troll claws you!
* * * LOW HITPOINT WARNING * * *
Your transformation is almost over.
There is a stone staircase leading up here.
The troll bites you but does no damage. The troll barely misses you.
The troll claws you.
You die...

... . #..### #.#
....#### ...##......
#......... . #........#
#.. #........### ....
.......@T..####...#
..........#.#...#
...............# ..
..........###..## ...
..##......# #..#####...
.........#####...##.....
##########.##..(.......
# #⌠#8#......<.......
#.#.#.8)<.T...(......


You could see a troll (unable to see you, poisoned).

Vanquished Creatures
  Menkaure (D:5)
  Edmund (D:4)
  Duvessa (D:5)
  A water moccasin (D:6)
  An orc warrior (D:5)
  A black bear (D:6)
  A sky beast (D:6)
  An ice beast (D:5)
  A phantom (D:6)
  Blork the orc (D:5)
  A gnoll sergeant (D:6)
  4 wights (D:7)
  Dowan (D:5)
  A killer bee (D:6)
  2 hounds
  Crazy Yiuf (D:5)
  4 jellies
  A gnoll bouda (D:6)
  Jessica (D:3)
  Ijyb (D:4)
  Natasha (thrice) (D:2)
  2 iguanas
  2 orc wizards (D:5)
  Terence (D:2)
  A mummy (D:6)
  7 gnolls
  5 adders
  2 shadow imps (D:6)
  A white imp (D:6)
  4 worms
  A dart slug (D:3)
  15 orcs
  7 ball pythons
  5 bats
  6 endoplasms
  2 giant cockroaches (D:1)
  3 goblins
  7 hobgoblins
  4 jackals (D:1)
  4 kobolds
  4 quokkas
  5 rats
118 creatures vanquished.

Vanquished Creatures (others)
  A fungus (D:5)
1 creature vanquished.

Grand Total: 119 creatures vanquished

Notes
Turn   | Place    | Note
-------+----------+-------------------------------------------
     0 | D:1      | Timinator the Demigod Transmuter began the quest for the
                  | Orb.
     0 | D:1      | Reached XP level 1. HP: 15/15 MP: 5/5
   110 | D:1      | Reached skill level 1 in Fighting
   499 | D:1      | Reached XP level 2. HP: 23/23 MP: 5/7
   506 | D:1      | Learned a level 2 spell: Wereblood
   740 | D:1      | Reached skill level 3 in Unarmed Combat
  1396 | D:2      | Reached XP level 3. HP: 28/28 MP: 6/8
  1466 | D:2      | Noticed Terence
  1471 | D:2      | Killed Terence
  1812 | D:2      | Noticed Natasha
  1824 | D:2      | Killed Natasha
  1825 | D:2      | Reached skill level 1 in Armour
  1825 | D:2      | Reached XP level 4. HP: 31/35 MP: 10/10
  2068 | D:2      | Noticed Natasha
  2078 | D:2      | Killed Natasha
  2143 | D:2      | Noticed Natasha
  2149 | D:2      | Killed Natasha
  2390 | D:3      | Noticed Jessica
  2401 | D:3      | Reached XP level 5. HP: 36/41 MP: 8/12
  2406 | D:3      | Killed Jessica
  3243 | D:4      | Found a staircase to the Ecumenical Temple.
  3352 | D:4      | Noticed Ijyb
  3372 | D:4      | Killed Ijyb
  3397 | D:4      | Noticed Edmund
  3721 | D:4      | Killed Edmund
  3722 | D:4      | Reached skill level 4 in Unarmed Combat
  3722 | D:4      | Reached XP level 6. HP: 48/48 MP: 13/13
  4009 | D:5      | Entered Level 5 of the Dungeon
  4009 | D:5      | Noticed Eustachio
  4140 | D:5      | Found a runed translucent door.
  4141 | D:5      | Noticed Crazy Yiuf
  4161 | D:5      | Noticed Eustachio
  4161 | D:5      | Eustachio changed into Eustachio the worm
  4170 | D:5      | Killed Eustachio the worm
  4321 | D:5      | Noticed Duvessa
  4351 | D:5      | Noticed Dowan
  4371 | D:5      | Killed Duvessa
  4372 | D:5      | Reached XP level 7. HP: 36/56 MP: 12/14
  4374 | D:5      | Killed Dowan
  4375 | D:5      | Reached skill level 5 in Unarmed Combat
  4631 | D:5      | Noticed Blork the orc
  4650 | D:5      | Killed Blork the orc
  4716 | D:5      | Noticed Menkaure
  4734 | D:5      | Killed Menkaure
  5163 | D:5      | Killed Crazy Yiuf
  5230 | D:6      | Reached XP level 8. HP: 63/63 MP: 15/15
  5300 | D:6      | Learned a level 4 spell: Ice Form
  5385 | D:6      | Reached skill level 6 in Unarmed Combat
  5570 | D:6      | Reached skill level 1 in Throwing
  5851 | D:6      | Found Cyra's Assorted Antiques.
  5867 | D:6      | Bought a glowing ring mail for 196 gold pieces
  5867 | D:6      | Bought a scroll of teleportation for 84 gold pieces
  5867 | D:6      | Bought a scroll labelled ADEZEO IMOOMM for 28 gold pieces
  6341 | D:7      | Noticed a troll
  6486 | D:7      | HP: 1/66 [troll (9)]
  6489 | D:7      | Slain by a troll

Illustrated notes

Levels and vault maps discovered:
D:1:      dpeg_arrival_rhombus, layout_loops_corners
D:2:      layout_basic, uniq_natasha, uniq_terence
D:3:      layout_basic, shapermc_ecumenical_altar_starsandcircs,
          serial_bayou_pond_e, uniq_jessica
D:4:      layout_cave_pools, minmay_temple_entry_arrows, minmay_manual_mess,
          uniq_ijyb, uniq_edmund
D:5:      layout_basic, minmay_hedge_maze, uniq_blork_the_orc,
          uniq_crazy_yiuf_cottage, uniq_menkaure, uniq_eustachio, uniq_duvessa
D:6:      layout_cave_pods, chei_slow_surprise, serial_shops,
          nicolae_shop_crystal
D:7:      cheibrodos_barr_body, layout_cave_pools, minitemple,
          grunt_temple_overflow_champion_of_chaos

Skill      XL: |  1  2  3  4  5  6  7  8 |
---------------+-------------------------+-----
Fighting       | 1 2 3 4 |  4.2
Spellcasting   | 2 3 |  3.0
Unarmed Combat | 3 4 5 6 |  6.8
Transmutations | 2 3 4 |  4.5
Dodging        | 2 3 4 |  4.5
Armour         | 1 2 3 |  3.0
Throwing       | 2 |  2.0

Action                   |  1- 3 |  4- 6 |  7- 9 || total
-------------------------+-------+-------+-------++-------
Melee: Unarmed           |    90 |   162 |   146 ||   398
       Kick              |    22 |    58 |    36 ||   116
       Headbutt          |    10 |    24 |    28 ||    62
       Punch             |     2 |     2 |     6 ||    10
Throw: Dart              |       |    16 |    15 ||    31
       Javelin           |       |     9 |     6 ||    15
       Throwing net      |       |       |     3 ||     3
 Cast: Beastly Appendage |    21 |    31 |    24 ||    76
       Wereblood         |       |     4 |     6 ||    10
Evoke: Wand              |       |     6 |     1 ||     7
  Use: Potion            |     1 |       |     4 ||     5
       Scroll            |       |     2 |     3 ||     5
 Stab: Sleeping          |     1 |       |       ||     1
Armor: Robe              |    27 |    13 |       ||    40
       Skin              |     2 |       |     7 ||     9
       Leather armour    |       |    22 |     8 ||    30
       Ring mail         |       |       |    59 ||    59
Dodge: Dodged            |    53 |    80 |    93 ||   226
